 Dungeon Crawl Stone Soup version 0.20.0-1-g1cb1d84 (webtiles) character file.

788 Gorglomux the Skirmisher (level 7, -7/38 HPs)
             Began as a Vine Stalker Fighter on May 26, 2017.
             Was a Follower of Uskayaw.
             Mangled by an orc warrior
             ... wielding a +0 war axe
              (10 damage)
             ... on level 5 of the Dungeon.
             The game lasted 00:04:58 (4289 turns).

Gorglomux the Skirmisher (Vine Stalker Fighter)     Turns: 4289, Time: 00:04:59

Health: -7/38      AC: 10    Str: 19    XL:     7   Next: 87%
Magic:  0/8        EV:  9    Int:  8    God:    Uskayaw [*.....]
Gold:   269        SH:  9    Dex: 15    Spells: 6/6 levels left

rFire    . . .     SeeInvis .   a - +0 rapier
rCold    . . .     Gourm    .   c - +0 shield
rNeg     . . .     Faith    .   b - +0 scale mail
rPois    .         Spirit   +   A - +1 helmet
rElec    .         Reflect  .   (no cloak)
rCorr    .         Harm     .   (no gloves)
MR       .....                  W - +0 pair of boots
Stlth    ..........             (no amulet)
Regen    0.6/turn               (no ring)
MPRegen  0.2/turn               (no ring)

@: no status effects
A: fangs 2, regeneration 1, magic shield, antimagic bite, no potion heal 3, rot
immunity
a: Stomp, Renounce Religion


You were on level 5 of the Dungeon.
You worshipped Uskayaw.
Uskayaw was noncommittal.
You were not hungry.

You visited 1 branch of the dungeon, and saw 6 of its levels.

You collected 269 gold pieces.

Inventory:

Hand Weapons
 a - a +0 rapier (weapon)
Armour
 b - a +0 scale mail (worn)
 c - a +0 shield (worn)
 A - a +1 helmet (worn)
 W - a +0 pair of boots (worn)
Wands
 E - a wand of enslavement (16/24)
Scrolls
 h - 7 scrolls of teleportation {unknown}
 j - 2 scrolls of recharging {unknown}
 l - 2 scrolls of remove curse
 o - a scroll of enchant armour {unknown}
 r - a scroll of immolation {unknown}
 s - a scroll of amnesia {unknown}
 B - a scroll of magic mapping {unknown}
 D - a scroll of fear {unknown}
 R - a scroll of identify
Potions
 d - 3 potions of might
 q - 2 potions of flight
 Q - 3 potions of curing
 T - a potion of ambrosia {unknown}
 V - a potion of brilliance {unknown}
Comestibles
 f - 6 bread rations
 k - 3 fruits
 p - 2 royal jellies
 z - 4 meat rations
 X - 6 chunks of flesh


   Skills:
 + Level 4.5 Fighting
 + Level 3.8 Short Blades
 + Level 4.0 Armour
 + Level 2.8 Dodging
 + Level 4.0 Shields


You had 6 spell levels left.
You didn't know any spells.

Dungeon Overview and Level Annotations

Branches:
Dungeon (6/15)             Temple (0/1) D:4

Altars:
Cheibriados
Fedhas
Okawaru
Uskayaw

Annotations:
D:4 1 exclusion


Innate Abilities, Weirdness & Mutations

You have extremely sharp teeth.
Your natural rate of healing is unusually fast.
When hurt, damage is shared between your health and your magic reserves.
Your bite disrupts and absorbs the magic of your enemies.
Potions cannot restore your health.
You are immune to rotting.


Message History

You can no longer pass through a line of other dancers.
HP restored.
There is a stone staircase leading down here.
You climb downwards.
You hear the hiss of flowing sand.
There is an entrance to an ossuary on this level.
Hurry and find it before the portal is buried!
You hear the slow hiss of a very distant avalanche of sand.
The crimson imp blinks!
The orc hits you but does no damage. The ogre hits you with a giant club!!
The orc warrior hits you with a war axe!
There is a stone staircase leading up, spattered with blood here.
Unknown command.
Unknown command.
The orc barely misses you. The ogre hits you with a giant club!
* * * LOW HITPOINT WARNING * * *
You climb upwards.
There is a stone staircase leading down here.
Okay, then.
The orc warrior hits you with a war axe!
You die...

##.#.############.#
#.................#
##.#.############## ###.#
##### #.# #...# ######.##
#.#.# #....O..#
##.#.#####.####>o#
...#....##.####o@#
#######......[...###########
...#....##.###...#.........#
##.#.#####.###...#.#######.##
#.#.# #.#.......# #......#
##...### #.......#.###.###..#
.......# ###...........# #..#
.##.##.# #.....#.##### #..#
.##.##.# #.....#.#######..##


You could see an orc warrior, an ogre and an orc.

Vanquished Creatures
  A water moccasin (D:6)
  An ice beast (D:5)
  An ogre (D:3)
  A howler monkey (D:5)
  A centaur zombie (D:5)
  2 bullfrog zombies (D:5)
  2 hounds
  An orc priest (D:3)
  An orc wizard (D:5)
  Terence (D:2)
  A hound skeleton (D:4)
  3 gnolls (D:5)
  10 adders
  A shadow imp (D:5)
  2 worms (D:5)
  2 dart slugs
  5 leopard geckos
  7 orcs
  3 ball pythons
  8 bats
  3 giant cockroaches
  4 goblins
  5 hobgoblins
  3 jackals (D:1)
  2 quokkas (D:3)
  4 frilled lizards
  A jackal skeleton (D:4)
  9 kobolds
  A leopard gecko skeleton (D:4)
  A leopard gecko zombie (D:5)
  A quokka skeleton (D:5)
  10 rats
98 creatures vanquished.

Notes
Turn   | Place    | Note
-------+----------+-------------------------------------------
     0 | D:1      | Gorglomux the Vine Stalker Fighter began the quest for the Orb.
     0 | D:1      | Reached XP level 1. HP: 11/11 MP: 2/2
   394 | D:1      | Reached XP level 2. HP: 16/16 MP: 3/3
   661 | D:1      | Reached skill level 1 in Dodging
   910 | D:1      | Reached XP level 3. HP: 19/19 MP: 4/4
  1001 | D:2      | Reached skill level 3 in Fighting
  1173 | D:2      | Noticed Terence
  1177 | D:2      | Killed Terence
  1177 | D:2      | Gained mutation: Your natural rate of healing is unusually fast. [Vine Stalker growth]
  1177 | D:2      | Reached XP level 4. HP: 24/24 MP: 5/5
  1252 | D:2      | Found an iron altar of Okawaru.
  1326 | D:2      | Noticed a dagger
  1330 | D:2      | Reached skill level 3 in Shields
  1456 | D:2      | Noticed a dagger
  1457 | D:2      | Found a hide-covered altar of Uskayaw.
  1480 | D:2      | Became a worshipper of Uskayaw the Reveler
  1511 | D:2      | Reached * piety under Uskayaw
  1677 | D:3      | Reached ** piety under Uskayaw
  1693 | D:3      | Reached XP level 5. HP: 28/28 MP: 6/6
  1907 | D:3      | Reached skill level 3 in Armour
  1918 | D:3      | Reached *** piety under Uskayaw
  1997 | D:3      | Noticed an ogre
  2005 | D:3      | Killed an ogre
  2005 | D:3      | Reached XP level 6. HP: 30/33 MP: 7/7
  2452 | D:4      | Found a staircase to the Ecumenical Temple.
  2613 | D:4      | Found a blossoming altar of Fedhas.
  3069 | D:4      | Reached skill level 3 in Short Blades
  3352 | D:5      | Entered Level 5 of the Dungeon
  3728 | D:5      | Noticed an ice beast
  3745 | D:5      | Killed an ice beast
  3745 | D:5      | Reached XP level 7. HP: 33/37 MP: 6/8
  3776 | D:5      | Found a snail-covered altar of Cheibriados.
  4242 | D:5      | Reached **** piety under Uskayaw
  4289 | D:5      | Mangled by an orc warrior

Skill      XL: |  1  2  3  4  5  6  7 |
---------------+----------------------+-----
Short Blades   | 2 3 |  3.8
Dodging        | 1 2 |  2.8
Fighting       | 3 4 |  4.5
Shields        | 3 4 |  4.0
Armour         | 3 4 |  4.0

Action                   |  1- 3 |  4- 6 |  7- 9 || total
-------------------------+-------+-------+-------++-------
Melee: Rapier            |    76 |   230 |    81 ||   387
       Bite              |    17 |    71 |    23 ||   111
  Use: Potion            |     1 |       |       ||     1
       Scroll            |       |     4 |       ||     4
 Stab: Paralysed         |       |     4 |       ||     4
  Eat: Chunk             |     1 |     7 |     3 ||    11
Armor: Scale mail        |    34 |    85 |    35 ||   154
Dodge: Dodged            |    21 |    62 |    29 ||   112
Block: Shield            |    40 |    97 |    32 ||   169
